 Dungeon Crawl Stone Soup version 0.29-a0-557-g43b9904bd1 (webtiles) character file.

Game seed: 6501244166442639715

560 avis the Shooter (level 6, -12/48 HPs)
             Began as a Demigod Hunter on June 8, 2022.
             Mangled by Duvessa
             ... wielding a +0 rapier of electrocution
              (15 damage)
             ... on level 5 of the Dungeon.
             The game lasted 00:23:13 (4592 turns).

avis the Shooter (Demigod Hunter)                   Turns: 4592, Time: 00:23:13

Health: -12/48     AC:  6    Str: 12    XL:     6   Next: 82%
Magic:  8/8        EV: 11    Int: 11    God:
Gold:   130        SH:  0    Dex: 30    Spells: 5/5 levels left

rFire   . . .      SeeInvis .   b - +5 whip of Gakk {speed, rPois Dex+5}
rCold   . . .      Faith    .   (no shield)
rNeg    + . .      Spirit   .   h - +0 ring mail
rPois   +          Reflect  .   D - +0 helmet
rElec   .          Harm     .   (no cloak)
rCorr   .          Rampage  .   (no gloves)
Will    .....                   (no boots)
Stlth   ++........              (no amulet)
HPRegen 0.16/turn               u - ring of positive energy
MPRegen 0.11/turn               (no ring)

@: brilliant
A: high MP 1, forlorn, divine attributes
a: no special abilities


You were on level 5 of the Dungeon.
You visited 1 branch of the dungeon, and saw 5 of its levels.

You collected 317 gold pieces.
You spent 187 gold pieces at shops.

Inventory:

Hand Weapons
 a - a +1 shortbow
 b - the +5 whip of Gakk (weapon) {speed, rPois Dex+5}
   (You bought it in a shop on level 2 of the Dungeon)

   Attacks with this weapon are significantly faster.
   Dex:       It affects your dexterity (+5).
   rPois:     It protects you from poison.
 v - a +2 dagger of draining
 w - a +4 mace of holy wrath
 x - a +0 hunting sling
 C - a +2 whip of venom
Missiles
 t - a boomerang
Armour
 d - a +0 leather armour
 h - a +0 ring mail (worn)
 y - a +0 helmet
 D - a +0 helmet (worn)
Jewellery
 u - a ring of positive energy (left hand)
 A - a +4 ring of protection
Wands
 z - a wand of paralysis (3)
Scrolls
 c - 2 scrolls of immolation
 e - a scroll of fear {unknown}
 f - a scroll of poison {unknown}
 j - 3 scrolls of amnesia {unknown}
 l - 3 scrolls of identify {unknown}
 m - 2 scrolls of blinking {unknown}
 n - 2 scrolls of teleportation {unknown}
 r - 4 scrolls of magic mapping {unknown}
 s - 2 scrolls of enchant armour {unknown}
 B - a scroll of enchant weapon {unknown}
Potions
 g - 2 potions of brilliance
 i - a potion of magic {unknown}
 k - 4 potions of curing {unknown}
 o - a potion of degeneration {unknown}
 p - a potion of heal wounds {unknown}
 q - a potion of haste {unknown}


   Skills:
 - Level 1.7 Fighting
 + Level 2.5 Maces & Flails
 * Level 7.3 Bows
 - Level 1.7 Dodging
 - Level 0.8 Stealth


You had 5 spell levels left.
You didn't know any spells.
Your spell library was empty.

Dungeon Overview and Level Annotations

Branches:
Dungeon (5/15)
 Temple: D:4-7

Shops:
D:1 *   D:2 (

Annotations:
D:5 Duvessa


Innate Abilities, Weirdness & Mutations

You have an increased reservoir of magic. (+10% MP)
You shall have no god before yourself.
Your divine heritage dramatically boosts your attributes as you level up.


Message History

There is a stone staircase leading down here.
You see here a +0 club.
You see here a +0 flail.
You see here a +0 giant club.
There is a stone staircase leading down here.
You climb downwards.
Level annotation: Duvessa Duvessa shouts!
There is a stone staircase leading up, spattered with blood here.
You feel agile.
Your hands tingle!
b - the +5 whip of Gakk (weapon)
{speed, rPois Dex+5} Duvessa hits you with a +0 rapier of electrocution!
You hit Duvessa.
Duvessa is lightly wounded.
Duvessa barely misses you.
You whack Duvessa!
Duvessa is lightly wounded.
Duvessa completely misses you.
You hit Duvessa.
Duvessa is moderately wounded.
Duvessa barely misses you.
You whack Duvessa!
Duvessa is heavily wounded.
Duvessa hits you with a +0 rapier of electrocution!!
You closely miss Duvessa.
Duvessa is heavily wounded.
Duvessa hits you with a +0 rapier of electrocution!
* * * LOW HITPOINT WARNING * * *
You barely miss Duvessa.
Duvessa is heavily wounded.
Duvessa closely misses you.
You hit Duvessa but do no damage.
Duvessa is heavily wounded.
Duvessa hits you with a +0 rapier of electrocution!
* * * LOW HITPOINT WARNING * * *
It was a potion of brilliance.
You feel clever all of a sudden.
Duvessa hits you with a +0 rapier of electrocution!
You die...

##########.
##@.$..#...^
##.e.........
#............
#............
#..........).
#............
#............
##...........
##<)...#....


You could see Duvessa (berserk).

Vanquished Creatures
  2 ogres (D:4)
  A phantom (D:3)
  Dowan (D:5)
  An orc priest (D:3)
  An iron imp (D:3)
  Robin (D:3)
  9 adders
  A gnoll (D:4)
  2 worms (D:2)
  2 dart slugs
  4 orcs
  8 ball pythons
  5 bats
  6 endoplasms
  3 giant cockroaches (D:4)
  18 goblins
  10 hobgoblins
  7 jackals
  8 kobolds
  5 quokkas
  7 frilled lizards
  2 rats (D:1)
104 creatures vanquished.

Vanquished Creatures (others)
  A plant (D:4)
1 creature vanquished.

Grand Total: 105 creatures vanquished

Notes
Turn   | Place    | Note
-------+----------+-------------------------------------------
     0 | D:1      | avis the Demigod Hunter began the quest for the Orb.
     0 | D:1      | Reached XP level 1. HP: 17/17 MP: 3/3
   132 | D:1      | Reached skill level 4 in Bows
   138 | D:1      | Reached XP level 2. HP: 24/24 MP: 4/4
   214 | D:1      | Found Umavalunt's Assorted Antiques.
   371 | D:1      | Reached XP level 3. HP: 29/29 MP: 5/5
  1307 | D:2      | Found Xuhegg's Antique Weapon Boutique.
  1535 | D:2      | Reached skill level 5 in Bows
  1846 | D:3      | Noticed Robin
  2315 | D:3      | Reached XP level 4. HP: 33/33 MP: 6/6
  2667 | D:3      | Killed Robin
  2668 | D:3      | Reached skill level 6 in Bows
  2668 | D:3      | Reached XP level 5. HP: 41/41 MP: 7/7
  3042 | D:2      | Bought a brightly glowing whip for 187 gold pieces
  3042 | D:2      | Identified the +5 whip of Gakk {speed, rPois Dex+5} (You
                  | bought it in a shop on level 2 of the Dungeon)
  3282 | D:4      | Reached skill level 1 in Maces & Flails
  3282 | D:4      | Noticed an ogre
  3285 | D:4      | Killed an ogre
  3295 | D:4      | Reached XP level 6. HP: 48/48 MP: 8/8
  3933 | D:4      | Reached skill level 7 in Bows
  3997 | D:5      | Entered Level 5 of the Dungeon
  3997 | D:5      | Noticed Duvessa
  3997 | D:5      | Noticed Dowan
  4507 | D:5      | Killed Dowan
  4592 | D:5      | Mangled by Duvessa

Illustrated notes

Levels and vault maps discovered:
D:1:      spicycebolla_arrival_transporter_tutorial, layout_loops_ring,
          serial_shops, nicolae_shop_stone
D:2:      layout_basic, dreamdust_ecumenical_altar_angels_and_demons,
          serial_shops, shop, serial_glass, glass_columns_a, glass_columns_b,
          glass_columns_a, glass_columns_a, glass_columns_b, dk_noncrumbling_4
D:3:      layout_loops_ring, minmay_overflow_temple_star_quad, slow_altar_2,
          uniq_robin
D:4:      layout_basic, st_stairs_7, saegor_snake_ambush
D:5:      layout_rooms, xom_butterflies, marbit_many_paths, kennysheep_mini,
          grunt_decor_clamped, uniq_grinder, uniq_duvessa

Skill      XL: |  1  2  3  4  5  6 |
---------------+-------------------+-----
Bows           | 4 5 6 7 |  7.3
Maces & Flails | 1 2 |  2.5
Fighting       | |  1.7
Dodging        | |  1.7
Stealth        | |  0.8

Action                   |  1- 3 |  4- 6 || total
-------------------------+-------+-------++-------
Melee: Mace              |    23 |     6 ||    29
       Whip              |       |    55 ||    55
 Fire: Shortbow          |    90 |   102 ||   192
  Use: Potion            |       |     1 ||     1
Armor: Leather armour    |     4 |       ||     4
       Ring mail         |    16 |    25 ||    41
Dodge: Dodged            |    33 |    46 ||    79

Table legend: (Time is in decaauts)
 A = Elapsed time spent in this place.
 B = Non-inter-level travel time spent in this place.
 C = Inter-level travel time spent in this place.
 D = Time resting spent in this place.
 E = Time spent auto-exploring this place.
 F = Levels seen in this place.
 G = Mean time per level.
                   A        B        C        D        E       F      G
               +--------+--------+--------+--------+--------+-----+--------+
         Total |   4663 |   3917 |    746 |    689 |   2360 |   5 |  932.6 |
       Dungeon |   4663 |   3917 |    746 |    689 |   2360 |   5 |  932.6 |
               +--------+--------+--------+--------+--------+-----+--------+

Top non-repeatable levels by time:
     D:4: 1410 daAuts
     D:2: 1211 daAuts
     D:3: 1012 daAuts
     D:1: 971 daAuts
     D:5: 56 daAuts
